 Dungeon Crawl Stone Soup version 0.31-a0-858-g469dc525a8 (webtiles) character file.

Game seed: 8360844703780955303

4 Revguard the Sneak (level 1, -1/16 HPs)
             Began as a Vampire Brigand on Oct 9, 2023.
             Slain by a gnoll
             ... wielding a +0 club
              (7 damage)
             ... on level 1 of the Dungeon.
             The game lasted 00:00:32 (37 turns).

Revguard the Sneak (Vampire Brigand)                  Turns: 37, Time: 00:00:32

Health: -1/16      AC:  3    Str: 10    XL:     1   Next: 58%
Magic:  1/1        EV: 12    Int: 13    God:
Gold:   0          SH:  0    Dex: 15    Spells: 0/0 levels left

rFire   . . .        a - +2 dagger
rCold   . . .        (no shield)
rNeg    . . .        b - +0 robe
rPois   .            (no helmet)
rElec   .            c - +0 cloak
rCorr   .            (no gloves)
SInv    +            (no boots)
Will    .....        (no amulet)
Stlth   +++          (no ring)
HPRegen 0.42/turn    (no ring)
MPRegen 0.07/turn

%: no passive effects
@: healing quickly
A: alive, fangs 3, see invisible, vampiric 1
a: Exsanguinate


You were on level 1 of the Dungeon.
You visited 1 branch of the dungeon, and saw 1 of its levels.

Inventory:

Hand Weapons
 a - a +2 dagger (weapon)
Missiles
 d - 9 poisoned darts (quivered)
 e - 3 curare-tipped darts
Armour
 b - a +0 robe (worn)
 c - a +0 cloak (worn)
Potions
 f - 2 potions of might {unknown}


   Skills:
 + Level 1.8 Fighting
 + Level 2.2 Short Blades
 - Level 1.5 Throwing
 + Level 0.1 Armour
 + Level 1.2 Dodging
 + Level 5.8 Stealth
 + Level 0.1 Spellcasting
 + Level 0.2 Hexes
 + Level 0.1 Necromancy


You couldn't memorise any spells.
You didn't know any spells.
Your spell library was empty.

Dungeon Overview and Level Annotations

Branches:
Dungeon (1/15)

Altars:


Innate Abilities, Weirdness & Mutations

Your natural rate of healing is accelerated.
You have razor-sharp teeth.
You have supernaturally acute eyesight. (SInv)
You are afflicted with vampirism.


Message History

A giant cockroach comes into view.
A giant cockroach is nearby!
A gnoll and a hobgoblin come into view.
The gnoll shouts!
The hobgoblin shouts!
The hobgoblin moves out of view.
The hobgoblin barely misses you. The gnoll misses you.
The gnoll completely misses you.
The hobgoblin attacks as it pursues you!
The hobgoblin completely misses you.
The hobgoblin attacks as it pursues you!
The hobgoblin closely misses you.
Found a stone staircase leading down.
You hit the hobgoblin.
The hobgoblin is severely wounded.
The hobgoblin barely misses you.
You hit the hobgoblin.
The hobgoblin is almost dead.
The giant cockroach closely misses you. The hobgoblin hits you.
You closely miss the giant cockroach. The giant cockroach barely misses you.
The hobgoblin hits you.
You hit the giant cockroach but do no damage.
Your bite misses the giant cockroach. The giant cockroach closely misses you.
The hobgoblin barely misses you. The giant cockroach closely misses you.
You hit the giant cockroach but do no damage.
A kobold comes into view. It is wielding a +0 whip.
The giant cockroach bites you.
The kobold shouts!
You hit the hobgoblin.
You kill the hobgoblin!
The giant cockroach misses you.
You closely miss the gnoll. The gnoll misses you.
The giant cockroach closely misses you.
You hit the gnoll.
The gnoll is moderately wounded.
The gnoll hits you with a +0 club.
The kobold throws a stone.
The stone hits you. The giant cockroach barely misses you.
You barely miss the gnoll.
The gnoll is moderately wounded.
The giant cockroach barely misses you. The gnoll hits you with a +0 club!
You die...

#... #.#..# ##
#.#..#..+
#.#..#.##..
#.#........
#....#
#..#.#+######
##B##........#
+..@g........#
##.###.......#
..> +.......#
#.#.K
#.......# #
#..
#####..#####
#..
#..........
#..
#..♣♣♣♣♣♣♣♣♣
#..
#.♣..PP..PP♣
#.♣...P..PP♣


You could see a gnoll, a giant cockroach and a kobold.

Vanquished Creatures
  A dart slug (D:1)
  A hobgoblin (D:1)
  A frilled lizard (D:1)
3 creatures vanquished.

Notes
Turn   | Place    | Note
-------+----------+-------------------------------------------
     0 | D:1      | Revguard the Vampire Brigand began the quest for the Orb.
     0 | D:1      | Reached XP level 1. HP: 16/16 MP: 1/1
    37 | D:1      | Slain by a gnoll

Illustrated notes

Levels and vault maps discovered:
D:1:      scummos_arrival_checkerplants, layout_basic, serial_shops,
          nicolae_shop_waterfront

Action                     || total
---------------------------++-------
  Melee: Dagger            ||    14
 Armour: Robe              ||     8
  Dodge: Dodged            ||    17

Table legend: (Time is in decaauts)
 A = Elapsed time spent in this place.
 B = Non-inter-level travel time spent in this place.
 C = Inter-level travel time spent in this place.
 D = Time resting spent in this place.
 E = Time spent auto-exploring this place.
 F = Levels seen in this place.
 G = Mean time per level.
                   A        B        C        D        E       F      G
               +--------+--------+--------+--------+--------+-----+--------+
         Total |     35 |     35 |      0 |      0 |      7 |   1 |   35.0 |
       Dungeon |     35 |     35 |      0 |      0 |      7 |   1 |   35.0 |
               +--------+--------+--------+--------+--------+-----+--------+

Top non-repeatable levels by time:
     D:1: 35 daAuts
